 Dungeon Crawl Stone Soup version 0.21.3-3-g218456f21e (webtiles) character file.

3541 MordorOrchid the Magician (level 10, -3/79 HPs)
             Began as a Gnoll Warper on Aug 13, 2022.
             Was a Believer of Dithmenos.
             Killed by the air
             ... invoked by Gastronok
              (18 damage)
             ... on level 8 of the Dungeon.
             The game lasted 00:33:08 (4592 turns).

MordorOrchid the Magician (Gnoll Warper)            Turns: 4592, Time: 00:33:08

Health: -3/79      AC:  8    Str: 14    XL:     10   Next: 8%
Magic:  21/21      EV: 16    Int: 19    God:    Dithmenos [**....]
Gold:   309        SH:  0    Dex: 14    Spells: 4/24 levels left

rFire    . . .     SeeInvis .   p - +2 halberd (venom)
rCold    . . .     Gourm    .   (shield currently unavailable)
rNeg     . . .     Faith    .   m - +0 ring mail
rPois    .         Spirit   .   (no helmet)
rElec    .         Reflect  .   (no cloak)
rCorr    .         Harm     .   (no gloves)
MR       .....     Clarity  +   (no boots)
Stlth    +++.......             (no amulet)
HPRegen  0.23/turn              C - +2 ring of evasion
MPRegen  0.17/turn              Z - ring of wizardry

@: wreathed by umbra
A: distributed training, fangs 1, icy blue scales 1, clarity, screaming 1,
strong nose
a: Shadow Step, Renounce Religion


You were on level 8 of the Dungeon.
You worshipped Dithmenos.
Dithmenos was pleased with you.
You were not hungry.

You visited 1 branch of the dungeon, and saw 8 of its levels.

You collected 309 gold pieces.

Inventory:

Hand Weapons
 a - a +3 falchion
 i - a +0 short sword
 j - a +0 shortbow
 p - a +2 halberd of venom (weapon)
 r - a +0 hunting sling
 w - a +1 spear of venom
 y - a +0 dagger of draining
 H - a cursed -2 dagger
 M - a cursed -2 shortbow
 S - a +2 falchion of holy wrath
 X - a cursed -2 dagger
Missiles
 e - 3 tomahawks of dispersal
 k - 17 sling bullets
 n - 130 stones (quivered)
 q - 129 arrows
 s - 35 poisoned needles
 t - 2 throwing nets
 I - 6 javelins
 N - 71 bolts
 R - 6 poisoned tomahawks
Armour
 b - a +0 leather armour
 m - a +0 ring mail (worn)
 B - a +0 scale mail
 K - a +0 large shield
Jewellery
 g - an uncursed ring of see invisible
 h - an uncursed ring of protection from fire
 l - an uncursed ring of ice
 u - an uncursed ring of fire
 A - an uncursed amulet of rage {unknown}
 C - a +2 ring of evasion (left hand)
 G - a +4 amulet of reflection {unknown}
 L - an uncursed amulet of harm
 T - an uncursed ring of fire
 Z - a ring of wizardry (right hand)
Scrolls
 d - 8 scrolls of teleportation
 E - a scroll of amnesia
 O - 3 scrolls of fear
 P - a scroll of remove curse
 Q - a scroll of magic mapping
 U - a scroll of random uselessness {unknown}
Potions
 o - a potion of flight
 v - 2 potions of curing
 x - 4 potions of mutation
 z - a potion of degeneration {unknown}
 F - a potion of brilliance {unknown}
 J - a potion of magic {unknown}
 V - a potion of invisibility {unknown}
Books
 c - a book of Spatial Translocations

   Spells                             Type                      Level
   a - Blink                          Translocation                2
   b - Shroud of Golubria             Charms/Translocation         2
   c - Lesser Beckoning               Translocation                3
   d - Gell's Gravitas                Translocation                3
   e - Teleport Other                 Translocation                3
   f - Passage of Golubria            Translocation                4
 D - a book of Maledictions

   Spells                             Type                      Level
   a - Corona                         Hexes                        1
   b - Ensorcelled Hibernation        Hexes/Ice                    2
   c - Confuse                        Hexes                        3
   d - Tukima's Dance                 Hexes                        3
   e - Dazzling Spray                 Conjuration/Hexes            3
Comestibles
 f - 15 rations
 Y - a chunk of flesh


   Skills:
 + Level 7.3 Fighting
 + Level 5.6 Short Blades
 + Level 7.3 Long Blades
 + Level 5.6 Axes
 + Level 5.6 Maces & Flails
 + Level 5.6 Polearms
 + Level 5.6 Staves
 + Level 5.6 Slings
 + Level 5.6 Bows
 + Level 5.6 Crossbows
 + Level 6.2 Throwing
 + Level 6.2 Armour
 + Level 7.3 Dodging
 + Level 5.6 Stealth
 + Level 5.6 Shields
 + Level 5.6 Unarmed Combat
 + Level 7.6 Spellcasting
 + Level 4.6 Conjurations
 + Level 4.6 Hexes
 + Level 4.6 Charms
 + Level 4.6 Summonings
 + Level 4.6 Necromancy
 + Level 7.2 Translocations
 + Level 4.6 Transmutations
 + Level 4.6 Fire Magic
 + Level 4.6 Ice Magic
 + Level 4.6 Air Magic
 + Level 4.6 Earth Magic
 + Level 4.6 Poison Magic
 + Level 6.1 Invocations
 + Level 5.6 Evocations


You had 4 spell levels left.
You knew the following spells:

 Your Spells              Type           Power        Failure   Level  Hunger
a - Teleport Other        Tloc           ####....     1%          3    #......
c - Confuse               Hex            ###.....     3%          3    #......
d - Tukima's Dance        Hex            ###.....     3%          3    #......
e - Dazzling Spray        Conj/Hex       ###...       3%          3    #......
p - Passage of Golubria   Tloc           N/A          3%          4    ###....
x - Blink                 Tloc           N/A          1%          2    None
y - Shroud of Golubria    Chrm/Tloc      ####......   1%          2    None


Dungeon Overview and Level Annotations

Branches:
Dungeon (8/15)             Temple (0/1) D:6
   Lair: D:8-11

Altars:
Cheibriados
Dithmenos
Elyvilon
Hepliaklqana
Okawaru
Sif Muna
Uskayaw
Vehumet
Wu Jian
Xom
The Shining One

Annotations:
D:7 Pikel
D:8 Gastronok


Innate Abilities, Weirdness & Mutations

Your experience applies equally to all skills.
You have very sharp teeth.
Your uncanny sense of smell can sniff out nearby items.
You are partially covered in icy blue scales. (AC +2)
You possess an exceptional clarity of mind.
You occasionally shout uncontrollably at your foes.


Message History

You hit Gastronok but do no damage.
Gastronok looks as sick as possible!
Gastronok is heavily wounded.
You hit Gastronok but do no damage.
Gastronok looks as sick as possible!
Gastronok is heavily wounded.
Gastronok bites you.
You slash Gastronok!
Gastronok looks as sick as possible!
Gastronok is severely wounded.
Gastronok casts a spell.
You hit Gastronok but do no damage.
Gastronok looks as sick as possible!
Gastronok is severely wounded.
You hit Gastronok.
Gastronok looks as sick as possible!
You bite Gastronok, but do no damage.
Gastronok is severely wounded.
Gastronok bites you!!
* * * LOW HITPOINT WARNING * * *
You slice Gastronok!!
Gastronok is almost dead.
Gastronok waves his eye-stalks in wide circles.
The air twists around and strikes you!
You die...

. #.# ..# # #.# ... #.# .w
##.#### # .! #......
#.#.##O #..#### .....
#..<...
#.#!.###############..####
#.....rw.@............#
.......###############.##
......# #.# # (ยง#### #.#
# . #.# # # ##.## #
#.#...#### #.........
#.##...####


You could see Gastronok and a quokka.

Vanquished Creatures
  A two-headed ogre (D:8)
  Erica (D:8)
  A hippogriff (D:4)
  An orc warrior (D:7)
  3 sky beasts
  An ice beast (D:8)
  2 phantoms (D:7)
  4 slaves (D:7)
  An ogre (D:6)
  2 centaurs
  2 bullfrogs (D:6)
  A howler monkey (D:4)
  2 crimson imps
  A centaur zombie (D:8)
  2 jellies (D:8)
  An orc priest (D:7)
  4 hounds
  A centaur skeleton (D:4)
  A gnoll shaman (D:6)
  2 orc wizards
  An iron imp (D:5)
  An iguana (D:4)
  8 worker ants
  A hound skeleton (D:8)
  9 gnolls
  10 adders
  An ooze (D:3)
  2 worms
  4 leopard geckos
  11 orcs
  2 ball pythons
  4 giant cockroaches
  A goblin (D:3)
  7 hobgoblins
  9 jackals
  8 kobolds
  2 quokkas
  7 bats
  6 frilled lizards
  A jackal skeleton (D:4)
  8 rats
137 creatures vanquished.

Vanquished Creatures (others)
  A leopard gecko skeleton (D:4)
1 creature vanquished.

Grand Total: 138 creatures vanquished

Notes
Turn   | Place    | Note
-------+----------+-------------------------------------------
     0 | D:1      | MordorOrchid the Gnoll Warper began the quest for the Orb.
     0 | D:1      | Reached XP level 1. HP: 20/20 MP: 6/6
   117 | D:1      | Reached XP level 2. HP: 26/26 MP: 7/7
   343 | D:2      | Reached skill level 5 in Spellcasting
   343 | D:2      | Reached XP level 3. HP: 8/31 MP: 7/9
   348 | D:2      | Learned a level 2 spell: Blink
   351 | D:2      | Learned a level 2 spell: Shroud of Golubria
   416 | D:2      | Found a shadowy altar of Dithmenos.
   430 | D:2      | Became a worshipper of Dithmenos the Shadowed
   440 | D:2      | Reached skill level 1 in Invocations
   609 | D:3      | Learned a level 3 spell: Teleport Other
   641 | D:3      | Reached skill level 1 in Short Blades
   641 | D:3      | Reached skill level 1 in Axes
   641 | D:3      | Reached skill level 1 in Maces & Flails
   641 | D:3      | Reached skill level 1 in Polearms
   641 | D:3      | Reached skill level 1 in Staves
   641 | D:3      | Reached skill level 1 in Slings
   641 | D:3      | Reached skill level 1 in Bows
   641 | D:3      | Reached skill level 1 in Crossbows
   641 | D:3      | Reached skill level 1 in Stealth
   641 | D:3      | Reached skill level 1 in Shields
   641 | D:3      | Reached skill level 1 in Unarmed Combat
   641 | D:3      | Reached skill level 1 in Evocations
   647 | D:3      | Noticed an orc warrior
   703 | D:2      | Reached XP level 4. HP: 27/38 MP: 11/11
  1062 | D:2      | Reached * piety under Dithmenos
  1187 | D:2      | Reached skill level 1 in Conjurations
  1187 | D:2      | Reached skill level 1 in Hexes
  1187 | D:2      | Reached skill level 1 in Charms
  1187 | D:2      | Reached skill level 1 in Summonings
  1187 | D:2      | Reached skill level 1 in Necromancy
  1187 | D:2      | Reached skill level 1 in Transmutations
  1187 | D:2      | Reached skill level 1 in Fire Magic
  1187 | D:2      | Reached skill level 1 in Ice Magic
  1187 | D:2      | Reached skill level 1 in Air Magic
  1187 | D:2      | Reached skill level 1 in Earth Magic
  1187 | D:2      | Reached skill level 1 in Poison Magic
  1537 | D:3      | Reached XP level 5. HP: 12/43 MP: 12/12
  1564 | D:3      | Learned a level 4 spell: Passage of Golubria
  1628 | D:3      | Gained mutation: You occasionally shout uncontrollably at your foes. [potion of mutation]
  1628 | D:3      | Gained mutation: You are partially covered in icy blue scales. (AC +2) [potion of mutation]
  1628 | D:3      | Gained mutation: You possess an exceptional clarity of mind. [potion of mutation]
  1629 | D:3      | Reached skill level 5 in Throwing
  1629 | D:3      | Reached skill level 5 in Armour
  1629 | D:3      | Reached XP level 6. HP: 23/53 MP: 12/15
  1824 | D:4      | Found a radiant altar of Vehumet.
  1969 | D:4      | Found a shimmering altar of Xom.
  1991 | D:4      | Reached skill level 5 in Invocations
  2082 | D:4      | Reached XP level 7. HP: 55/59 MP: 17/17
  2188 | D:5      | Entered Level 5 of the Dungeon
  2188 | D:5      | Found Paimamec's Jewellery Boutique.
  2481 | D:5      | Noticed a hippogriff
  2672 | D:4      | Killed a hippogriff
  2677 | D:5      | HP: 2/59 [centaur (3)]
  2679 | D:5      | Reached XP level 8. HP: 2/65 MP: 18/18
  2853 | D:5      | Found a shadowy altar of Dithmenos.
  2903 | D:5      | Found a hide-covered altar of Uskayaw.
  3072 | D:5      | Found a snail-covered altar of Cheibriados.
  3264 | D:6      | Found a white marble altar of Elyvilon.
  3370 | D:6      | Found an iron altar of Okawaru.
  3438 | D:6      | Found an ornate altar of the Wu Jian Council.
  3466 | D:6      | Learned a level 3 spell: Tukima's Dance
  3471 | D:6      | Learned a level 3 spell: Confuse
  3509 | D:6      | Found a staircase to the Ecumenical Temple.
  3524 | D:6      | Reached ** piety under Dithmenos
  3618 | D:6      | Reached skill level 5 in Short Blades
  3618 | D:6      | Reached skill level 5 in Axes
  3618 | D:6      | Reached skill level 5 in Maces & Flails
  3618 | D:6      | Reached skill level 5 in Polearms
  3618 | D:6      | Reached skill level 5 in Staves
  3618 | D:6      | Reached skill level 5 in Slings
  3618 | D:6      | Reached skill level 5 in Bows
  3618 | D:6      | Reached skill level 5 in Crossbows
  3618 | D:6      | Reached skill level 5 in Stealth
  3618 | D:6      | Reached skill level 5 in Shields
  3618 | D:6      | Reached skill level 5 in Unarmed Combat
  3618 | D:6      | Reached skill level 5 in Evocations
  3776 | D:7      | Noticed Pikel
  3848 | D:7      | Reached XP level 9. HP: 62/71 MP: 19/19
  3854 | D:7      | Learned a level 3 spell: Dazzling Spray
  4140 | D:7      | Found a hazy altar of Hepliaklqana.
  4186 | D:7      | Found a deep blue altar of Sif Muna.
  4186 | D:7      | Found a glowing golden altar of the Shining One.
  4513 | D:8      | Noticed Erica
  4522 | D:8      | Killed Erica
  4565 | D:8      | Noticed Gastronok
  4568 | D:8      | Noticed a two-headed ogre
  4579 | D:8      | Killed a two-headed ogre
  4579 | D:8      | Reached XP level 10. HP: 48/79 MP: 21/21
  4592 | D:8      | Killed from afar by Gastronok

Skill      XL: |  1  2  3  4  5  6  7  8  9 |
---------------+----------------------------+-----
Spellcasting   | 5 6 7 |  7.6
Invocations    | 1 4 5 6 |  6.1
Short Blades   | 1 4 5 |  5.6
Axes           | 1 4 5 |  5.6
Maces & Flails | 1 4 5 |  5.6
Polearms       | 1 4 5 |  5.6
Staves         | 1 4 5 |  5.6
Slings         | 1 4 5 |  5.6
Bows           | 1 4 5 |  5.6
Crossbows      | 1 4 5 |  5.6
Stealth        | 1 4 5 |  5.6
Shields        | 1 4 5 |  5.6
Unarmed Combat | 1 4 5 |  5.6
Evocations     | 1 4 5 |  5.6
Conjurations   | 1 3 4 |  4.6
Hexes          | 1 3 4 |  4.6
Charms         | 1 3 4 |  4.6
Summonings     | 1 3 4 |  4.6
Necromancy     | 1 3 4 |  4.6
Transmutations | 1 3 4 |  4.6
Fire Magic     | 1 3 4 |  4.6
Ice Magic      | 1 3 4 |  4.6
Air Magic      | 1 3 4 |  4.6
Earth Magic    | 1 3 4 |  4.6
Poison Magic   | 1 3 4 |  4.6
Fighting       | 6 7 |  7.3
Long Blades    | 6 7 |  7.3
Throwing       | 5 6 |  6.2
Armour         | 5 6 |  6.2
Dodging        | 6 7 |  7.3
Translocations | 6 7 |  7.2

Action                   |  1- 3 |  4- 6 |  7- 9 | 10-12 || total
-------------------------+-------+-------+-------+-------++-------
Melee: Falchion          |   107 |   153 |    67 |       ||   327
       Bite              |    10 |    16 |    21 |     2 ||    49
       Punch             |     1 |     1 |     1 |       ||     3
       Halberd           |       |       |   153 |     8 ||   161
 Fire: Shortbow          |       |       |    73 |       ||    73
Throw: Tomahawk          |     2 |       |       |       ||     2
       Stone             |       |     9 |     6 |       ||    15
 Cast: Shroud of Golubri |     1 |       |       |       ||     1
       Teleport Other    |       |       |     4 |       ||     4
       Blink             |       |       |     4 |       ||     4
       Passage of Golubr |       |       |     4 |       ||     4
       Confuse           |       |       |     1 |       ||     1
Evoke: Wand              |       |       |     7 |     2 ||     9
  Use: Scroll            |     2 |     4 |     6 |       ||    12
       Potion            |     2 |     5 |     1 |       ||     8
 Stab: Sleeping          |       |     1 |     3 |       ||     4
       Distracted        |       |       |     1 |       ||     1
  Eat: Chunk             |       |     4 |     7 |       ||    11
       Ration            |       |       |     1 |       ||     1
Armor: Leather armour    |     5 |       |       |       ||     5
       Ring mail         |    27 |    47 |    68 |       ||   142
Dodge: Dodged            |    85 |   167 |   176 |       ||   428
       Rpst.: Falchion   |    27 |    49 |    12 |       ||    88
